 Dungeon Crawl Stone Soup version 0.23-a0-435-g79ed067 (webtiles) character file.

447 lemonriz the Chopper (level 7, -16/61 HPs)
             Began as a Hill Orc Fighter on Nov 15, 2018.
             Killed from afar by a raiju (21 damage)
             ... with a living lightning
             ... on level 3 of the Abyss.
             The game lasted 00:05:09 (3887 turns).

lemonriz the Chopper (Hill Orc Fighter)             Turns: 3887, Time: 00:05:09

Health: -16/61     AC:  8    Str: 21    XL:     7   Next: 3%
Magic:  7/7        EV:  7    Int:  8    God:
Gold:   145        SH:  9    Dex: 10    Spells: 6/6 levels left

rFire    . . .     SeeInvis .   a - +0 war axe
rCold    . . .     Gourm    .   c - +0 shield
rNeg     . . .     Faith    .   b - +0 scale mail
rPois    .         Spirit   .   i - +0 helmet
rElec    .         Reflect  .   (no cloak)
rCorr    .         Harm     .   (no gloves)
MR       +....                  (no boots)
Stlth    ..........             (no amulet)
HPRegen  0.20/turn              q - ring of protection from magic
MPRegen  0.10/turn              (no ring)

@: no status effects
A: no striking features
a: no special abilities


You were on level 3 of the Abyss.
You were not hungry.

You visited 1 branch of the dungeon, and saw 4 of its levels.
You visited the Abyss 1 time.

You collected 145 gold pieces.

Inventory:

Hand Weapons
 a - a +0 war axe (weapon)
Armour
 b - a +0 scale mail (worn)
 c - a +0 shield (worn)
 i - a +0 helmet (worn)
Jewellery
 q - a ring of protection from magic (left hand)
Wands
 t - a wand of polymorph (5)
Scrolls
 g - a scroll of blinking {unknown}
 j - 2 scrolls of identify {unknown}
 l - 2 scrolls of teleportation
 n - a scroll of fear {unknown}
 o - 2 scrolls of enchant armour {unknown}
 r - 2 scrolls of enchant weapon {unknown}
Potions
 d - a potion of might
 e - 2 potions of heal wounds {unknown}
 k - a potion of degeneration {unknown}
 m - 2 potions of flight {unknown}
 p - a potion of brilliance {unknown}
 s - a potion of lignification {unknown}
Comestibles
 f - 5 rations
 u - a chunk of flesh


   Skills:
 + Level 5.2 Fighting
 * Level 6.3 Axes
 + Level 4.8 Armour
 + Level 4.7 Shields


You had 6 spell levels left.
You didn't know any spells.
Your spell library was empty.

Dungeon Overview and Level Annotations

Branches:
Dungeon (4/15)
 Temple: D:4-7

Altars:
Elyvilon
Makhleb
Qazlal
Trog
Wu Jian

Annotations:
D:4 Eustachio


Message History

The tentacled starspawn bites you!!!
Ouch! That really hurt!
The tentacled starspawn closely misses you.
You slash the tentacled starspawn!
The tentacled starspawn is lightly damaged.
The tentacled starspawn bites you!!
* * * LOW HITPOINT WARNING * * *
You block the tentacled starspawn's attack.
Tentacles burst from the starspawn's body!
You hear a bark! 2 starspawn tentacles come into view.
A raiju comes into view.
You hear a bark!
A raiju comes into view.
A raiju comes into view.
The raiju barks!
A raiju comes into view.
The raiju bursts into living lightning!
The living lightning hits you!
You die...

#...###.............
..
....#........#....$.
. ..................
....#....X#.. .$#...
... ##../## ... ##.
#. ##w## # ## .
##...## ..#
....#.....#..hh.#
.......@..hh.....
....#.....#.... #
...###...###...# #.#
##.## #.## .. ... ..
.#.. .. ##.. ## .###


You could see 4 raiju and a starspawn tentacle.

Vanquished Creatures
  Sigmund (D:2)
  A crimson imp (D:3)
  A hound (D:4)
  Jessica (D:2)
  Natasha (thrice) (D:3)
  5 adders
  3 worms
  A dart slug (D:1)
  2 leopard geckos (D:3)
  4 orcs (D:3)
  6 bats
  3 giant cockroaches
  2 goblins
  6 hobgoblins
  2 quokkas
  2 ball pythons
  2 frilled lizards
  15 kobolds
  7 rats
  A plant (D:3)
68 creatures vanquished.

Vanquished Creatures (others)
  A bush (D:3)
  A starspawn tentacle (Abyss:3)
2 creatures vanquished.

Grand Total: 70 creatures vanquished

Notes
Turn   | Place    | Note
-------+----------+-------------------------------------------
     0 | D:1      | lemonriz the Hill Orc Fighter began the quest for the Orb.
     0 | D:1      | Reached XP level 1. HP: 19/19 MP: 1/1
   153 | D:1      | Reached skill level 3 in Axes
   267 | D:1      | Reached XP level 2. HP: 23/27 MP: 2/2
   797 | D:2      | Reached XP level 3. HP: 31/33 MP: 3/3
   895 | D:2      | Found a stormy altar of Qazlal.
   897 | D:2      | Noticed Jessica
   903 | D:2      | Killed Jessica
   903 | D:2      | Reached skill level 4 in Axes
   903 | D:2      | Reached XP level 4. HP: 27/40 MP: 4/4
  1319 | D:2      | Found a white marble altar of Elyvilon.
  1419 | D:2      | Noticed Sigmund
  1440 | D:2      | Killed Sigmund
  1440 | D:2      | Reached skill level 5 in Axes
  1440 | D:2      | Reached XP level 5. HP: 8/47 MP: 5/5
  1440 | D:2      | Reached XP level 6. HP: 10/55 MP: 6/6
  1717 | D:2      | Found a bloodstained altar of Trog.
  2502 | D:3      | Found an ornate altar of the Wu Jian Council.
  2683 | D:3      | Noticed Natasha
  2695 | D:3      | Killed Natasha
  2695 | D:3      | Reached skill level 5 in Fighting
  2959 | D:3      | Found a burning altar of Makhleb.
  2987 | D:3      | Reached skill level 6 in Axes
  3004 | D:3      | Noticed Natasha
  3016 | D:3      | Killed Natasha
  3078 | D:3      | Noticed Natasha
  3087 | D:3      | Killed Natasha
  3140 | D:3      | Found an ornate altar of the Wu Jian Council.
  3400 | D:3      | Found a burning altar of Makhleb.
  3711 | D:4      | Reached XP level 7. HP: 58/61 MP: 7/7
  3731 | D:4      | Noticed Eustachio
  3742 | D:4      | Cast into level 1 of the Abyss (Eustachio)
  3818 | Abyss:1  | Noticed a worldbinder
  3820 | Abyss:1  | Noticed a naga
  3820 | Abyss:1  | Noticed a naga
  3821 | Abyss:1  | Noticed a large abomination
  3876 | Abyss:3  | Noticed a tentacled starspawn
  3885 | Abyss:3  | Noticed a raiju
  3885 | Abyss:3  | Noticed a raiju
  3887 | Abyss:3  | Noticed a raiju
  3887 | Abyss:3  | Noticed a raiju
  3887 | Abyss:3  | Killed from afar by a raiju

Vault maps used:
D:1:      lemuel_arrival_room
D:2:      lemuel_round_altar, grunt_qazlal_clouds, old_standard_altar,
          uniq_sigmund, uniq_jessica
D:3:      makhleb_grotto_becter, overflow_temple_1_default,
          lexackson_kobold_supper, uniq_natasha
D:4:      temple_fountains, first_ration, minmay_misc_feat_roman,
          grunt_decor_resistance, cheibrodos_gnoll_hut, uniq_eustachio,
          uniq_menkaure, uniq_duvessa, uniq_grinder, uniq_pikel
Abyss:3:  nicolae_abyss_rune_star_stuff

Skill      XL: |  1  2  3  4  5  6 |
---------------+-------------------+-----
Axes           | 3 4 5 6 |  6.3
Fighting       | 4 5 |  5.2
Armour         | 4 |  4.8
Shields        | 4 |  4.7

Action                   |  1- 3 |  4- 6 |  7- 9 || total
-------------------------+-------+-------+-------++-------
Melee: War axe           |    72 |   198 |     9 ||   279
       Unarmed           |       |     7 |       ||     7
  Use: Scroll            |       |       |     2 ||     2
  Eat: Chunk             |       |     8 |     2 ||    10
Armor: Scale mail        |    31 |    73 |     2 ||   106
       Skin              |       |     2 |       ||     2
Dodge: Dodged            |    27 |    44 |     2 ||    73
Block: Shield            |    34 |    79 |     4 ||   117

Table legend:
 A = Non-vault XP
 B = Vault XP
 C = Vault XP percentage of total XP
 D = Non-vault monster count
 E = Vault monster count
 F = Vault count percentage of total count
                 A         B        C        D         E       F
            +---------+---------+-------+---------+---------+-------
      Total |     279 |     360 |  56.3 |      55 |      12 |  17.9
            +---------+---------+-------+---------+---------+-------
        D:1 |      22 |       0 |   0.0 |      13 |       0 |   0.0
        D:2 |      65 |     268 |  80.5 |      18 |       2 |  10.0
        D:3 |     143 |      92 |  39.1 |      21 |      10 |  32.3
        D:4 |      49 |       0 |   0.0 |       3 |       0 |   0.0
            +---------+---------+-------+---------+---------+-------
